General information
- name: BNet
- type: Ladder team game (AT/RT)
- host: Battle.net
- saver: eurosgetmadsoez
map: Battleground
- players: 8
- length: 10:22
- speed: Fast
- version: 1.28 W3XP
- replay type: Public
» download(101 KB)
Players
team 1 (winner)
M4N4.RashgA (
yellow | 76 APM | 780 actions | 10:15)
3 Blademaster
2 Wind Walk
1 Critical Strike
» actions
| Assign group hotkey | 7 | |
| Build / train | 40 | |
| Enter build submenu | 13 | |
| Enter hero's abilities submenu | 3 | |
| Right click | 384 | |
| Select / deselect | 143 | |
| Select group hotkey | 140 | |
| Use ability | 50 | |
780 total
» units
| Peon | 12 | |
| Wind Rider | 4 | |
| Kodo Beast | 1 | |
17 total
» upgrades
| Spiked Barricades | 2 | |
| Envenomed Spears | 1 | |
| War Drums Damage Increase | 1 | |
| Reinforced Defenses | 1 | |
| Backpack | 1 | |
| Pillage | 1 | |
7 total
» buildings
| Altar of Storms | 1 | |
| Orc Burrow | 4 | |
| War Mill | 1 | |
| Voodoo Lounge | 1 | |
| Stronghold | 1 | |
| Watch Tower | 3 | |
| Beastiary | 2 | |
| Fortress | 1 | |
14 total
» build order
00:11 Altar of Storms
00:19 Orc Burrow
00:50 War Mill
01:03 Voodoo Lounge
03:09 Stronghold
04:37 Watch Tower
04:39 Watch Tower
04:42 Watch Tower
05:37 Beastiary
05:42 Beastiary
05:45 Orc Burrow
05:50 Orc Burrow
05:53 Orc Burrow
06:25 Fortress
» items
| Healing Salve | 2 | |
| Lesser Clarity Potion | 3 | |
| Scroll of Speed | 2 | |
| Orb of Lightning | 1 | |
8 total

»
ImagesAndWords (
blue | 143 APM | 1467 actions | 10:15)
3 Demon Hunter
2 Mana Burn
1 Evasion
2 Pandaren Brewmaster
1 Breath of Fire
1 Drunken Haze
» actions
| Assign group hotkey | 65 | |
| Basic commands | 135 | |
| Build / train | 47 | |
| ESC pressed | 1 | |
| Enter build submenu | 13 | |
| Enter hero's abilities submenu | 5 | |
| Give item / drop item | 5 | |
| Right click | 508 | |
| Select / deselect | 241 | |
| Select group hotkey | 401 | |
| Use ability | 46 | |
1467 total
» units
| Wisp | 14 | |
| Archer | 2 | |
| Forest Troll Shadow Priest | 2 | |
| Forest Troll Berserker | 2 | |
| Dryad | 2 | |
| Druid of the Claw | 2 | |
24 total
» upgrades
| Abolish Magic | 1 | |
| Druid of the Claw Training | 2 | |
3 total
» buildings
| Altar of Elders | 1 | |
| Moon Well | 4 | |
| Ancient of War | 1 | |
| Tree of Ages | 1 | |
| Hunter's Hall | 1 | |
| Ancient of Lore | 2 | |
| Tree of Eternity | 2 | |
| Ancient of Wonders | 1 | |
13 total
» build order
00:07 Altar of Elders
00:20 Moon Well
00:36 Ancient of War
01:28 Moon Well
03:14 Tree of Ages
04:34 Hunter's Hall
04:41 Moon Well
05:45 Ancient of Lore
05:49 Ancient of Lore
06:50 Tree of Eternity
06:50 Tree of Eternity
06:53 Ancient of Wonders
07:38 Moon Well
» items
| Circlet of Nobility | 3 | |
| Boots of Speed | 1 | |
| Moonstone | 1 | |
| Staff of Preservation | 1 | |
| Potion of Lesser Invulnerability | 1 | |
7 total
eurosgetmadsoez (
red | 18 APM | 190 actions | 10:22)
» actions
| Build / train | 28 | |
| Enter build submenu | 29 | |
| Right click | 37 | |
| Select / deselect | 71 | |
| Use ability | 25 | |
190 total
» units
» upgrades
| Masonry | 2 | |
| Lumber Harvesting | 1 | |
3 total
» buildings
| Lumber Mill | 1 | |
| Scout Tower | 19 | |
| Arcane Tower | 1 | |
| Guard Tower | 14 | |
| Keep | 1 | |
| Altar of Kings | 1 | |
| Farm | 4 | |
41 total
» build order
00:42 Lumber Mill
00:45 Scout Tower
02:01 Arcane Tower
02:05 Scout Tower
02:08 Scout Tower
02:10 Scout Tower
02:13 Scout Tower
02:14 Scout Tower
02:16 Scout Tower
02:18 Scout Tower
02:19 Scout Tower
02:37 Guard Tower
02:39 Guard Tower
02:45 Guard Tower
04:07 Guard Tower
04:08 Keep
05:43 Scout Tower
05:43 Scout Tower
05:46 Scout Tower
05:47 Scout Tower
05:50 Scout Tower
05:51 Scout Tower
05:54 Scout Tower
05:56 Scout Tower
06:02 Scout Tower
06:03 Scout Tower
06:16 Guard Tower
06:19 Guard Tower
06:36 Guard Tower
06:36 Guard Tower
06:37 Guard Tower
06:44 Guard Tower
06:48 Guard Tower
06:48 Guard Tower
06:55 Guard Tower
07:01 Guard Tower
08:48 Altar of Kings
09:21 Farm
09:23 Farm
09:25 Farm
09:40 Farm

»
341 (
orange | 46 APM | 477 actions | 10:15)
4 Mountain King
2 Storm Bolt
2 Bash
1 Paladin
1 Holy Light
» actions
| Basic commands | 5 | |
| Build / train | 38 | |
| Enter build submenu | 14 | |
| Enter hero's abilities submenu | 5 | |
| Give item / drop item | 1 | |
| Right click | 193 | |
| Select / deselect | 174 | |
| Use ability | 47 | |
477 total
» units
| Peasant | 11 | |
| Footman | 4 | |
| Rifleman | 5 | |
20 total
» upgrades
» buildings
| Altar of Kings | 1 | |
| Farm | 5 | |
| Barracks | 1 | |
| Scout Tower | 2 | |
| Arcane Tower | 1 | |
| Arcane Vault | 1 | |
| Blacksmith | 1 | |
| Keep | 1 | |
| Arcane Sanctum | 1 | |
| Workshop | 1 | |
15 total
» build order
00:10 Altar of Kings
00:14 Farm
00:39 Barracks
00:50 Farm
01:34 Farm
01:45 Scout Tower
01:48 Scout Tower
02:18 Arcane Tower
02:21 Arcane Vault
03:20 Blacksmith
03:48 Farm
04:17 Keep
05:21 Farm
09:43 Arcane Sanctum
09:47 Workshop
» items
| Dust of Appearance | 1 | |
| Scroll of Regeneration | 3 | |
| Lesser Clarity Potion | 1 | |
| Boots of Speed | 1 | |
| Potion of Mana | 1 | |
7 total
team 2 (loser)
Dobbymaul (
teal | 105 APM | 681 actions | 06:30)
2 Death Knight
1 Death Coil
1 Unholy Aura
» actions
| Assign group hotkey | 152 | |
| Basic commands | 50 | |
| Build / train | 42 | |
| ESC pressed | 4 | |
| Enter build submenu | 14 | |
| Enter hero's abilities submenu | 2 | |
| Right click | 136 | |
| Select / deselect | 99 | |
| Select group hotkey | 147 | |
| Use ability | 35 | |
681 total
» units
| Acolyte | 2 | |
| Ghoul | 2 | |
| Crypt Fiend | 12 | |
16 total
» upgrades
» buildings
| Crypt | 1 | |
| Graveyard | 1 | |
| Altar of Darkness | 1 | |
| Ziggurat | 3 | |
| Tomb of Relics | 2 | |
| Nerubian Tower | 1 | |
| Halls of the Dead | 7 | |
16 total
» build order
00:06 Crypt
00:23 Graveyard
00:43 Altar of Darkness
00:57 Ziggurat
01:56 Tomb of Relics
02:04 Tomb of Relics
02:06 Ziggurat
03:05 Nerubian Tower
03:34 Halls of the Dead
03:34 Halls of the Dead
03:35 Halls of the Dead
04:55 Ziggurat
» items
| Rod of Necromancy | 3 | |
| Circlet of Nobility | 2 | |
| Dust of Appearance | 1 | |
6 total

»
Adelete (
purple | 109 APM | 840 actions | 07:41)
3 Goblin Alchemist
2 Healing Spray
1 Chemical Rage
» actions
| Assign group hotkey | 66 | |
| Basic commands | 5 | |
| Build / train | 29 | |
| ESC pressed | 1 | |
| Enter build submenu | 10 | |
| Enter hero's abilities submenu | 3 | |
| Give item / drop item | 1 | |
| Right click | 447 | |
| Select / deselect | 132 | |
| Select group hotkey | 123 | |
| Use ability | 23 | |
840 total
» units
| Peon | 7 | |
| Grunt | 1 | |
| Troll Headhunter/Berserker | 10 | |
18 total
» buildings
| Barracks | 1 | |
| Orc Burrow | 5 | |
| War Mill | 1 | |
| Altar of Storms | 1 | |
| Voodoo Lounge | 1 | |
| Stronghold | 2 | |
| Fortress | 1 | |
12 total
» build order
00:34 Barracks
00:40 Orc Burrow
00:49 War Mill
01:07 Altar of Storms
01:45 Orc Burrow
01:47 Orc Burrow
02:17 Voodoo Lounge
03:26 Stronghold
03:26 Stronghold
04:22 Orc Burrow
04:51 Orc Burrow
06:36 Fortress
» items
| Healing Salve | 1 | |
| Scroll of Speed | 1 | |
| Boots of Speed | 1 | |
3 total

»
BetterPlay.Solo (
pink | 38 APM | 287 actions | 07:35)
3 Priestess of the Moon
2 Trueshot Aura
1 Scout
» actions
| Build / train | 27 | |
| Enter build submenu | 8 | |
| Enter hero's abilities submenu | 3 | |
| Right click | 119 | |
| Select / deselect | 101 | |
| Use ability | 29 | |
287 total
» units
| Wisp | 12 | |
| Archer | 8 | |
| Forest Troll Berserker | 1 | |
| Forest Troll Shadow Priest | 1 | |
22 total
» buildings
| Ancient of War | 1 | |
| Moon Well | 5 | |
| Altar of Elders | 1 | |
| Ancient of Wonders | 1 | |
| Tree of Ages | 1 | |
9 total
» build order
00:33 Ancient of War
00:48 Moon Well
01:02 Moon Well
01:16 Altar of Elders
02:01 Ancient of Wonders
02:27 Moon Well
03:48 Moon Well
04:27 Tree of Ages
04:49 Moon Well
ZiutBryk (
green | 23 APM | 232 actions | 10:15)
1 Keeper of the Grove
1 Entangling Roots
» actions
| Build / train | 23 | |
| ESC pressed | 1 | |
| Enter build submenu | 8 | |
| Enter hero's abilities submenu | 2 | |
| Right click | 87 | |
| Select / deselect | 96 | |
| Use ability | 15 | |
232 total
» units
» upgrades
| Abolish Magic | 1 | |
| Nature's Blessing | 1 | |
2 total
» buildings
| Tree of Ages | 1 | |
| Altar of Elders | 1 | |
| Moon Well | 2 | |
| Hunter's Hall | 1 | |
| Ancient of Lore | 3 | |
| Tree of Eternity | 1 | |
9 total
» build order
01:35 Tree of Ages
01:40 Altar of Elders
01:45 Moon Well
04:55 Hunter's Hall
05:40 Moon Well
06:48 Ancient of Lore
06:51 Ancient of Lore
06:55 Ancient of Lore
07:15 Tree of Eternity
Chat log
(04:58 / Allies) 341: go?
(05:03 / Allies) ImagesAndWords: sec
(05:05 / Allies) M4N4.RashgA: damn
(05:10 / Allies) ImagesAndWords: ..
(05:14 / All) Dobbymaul: :P
(05:37 / Allies) ImagesAndWords: go
(06:42 / All) eurosgetmadsoez: He saw my base and fled in despair
(07:09 / All) BetterPlay.Solo: noob team
(07:17 / All) eurosgetmadsoez: and you the biggest noob of all
(07:33 / All) BetterPlay.Solo: stfu emo loser i 1v2
(07:38 / All) eurosgetmadsoez: lol
(07:41 / All) eurosgetmadsoez: was he talking to himself?
(07:47 / All) ZiutBryk: suck shit motherfuckers
(07:51 / All) eurosgetmadsoez: raped newb
(07:53 / All) ZiutBryk: learn play fair noobs
(07:56 / All) ZiutBryk: idiots
(08:01 / Allies) ImagesAndWords: lulz
(08:02 / All) eurosgetmadsoez: git gud, newbie
(08:12 / All) ZiutBryk: U ARE NEWBIE
(08:14 / All) ZiutBryk: abd shit
(08:20 / All) ZiutBryk: ur mother si bitch
(08:23 / All) eurosgetmadsoez: crushed newbie
(08:24 / All) ZiutBryk: u from slums moron
(08:32 / All) ZiutBryk: 1v1??
(08:34 / All) ZiutBryk: u shit
(08:36 / All) ZiutBryk: so??
(08:42 / All) eurosgetmadsoez: Your English is crass, are you a rapefugee?
(08:53 / All) ZiutBryk: so close ass son of bitch
(09:00 / All) eurosgetmadsoez: you got owned, mudsliem
(09:02 / All) ZiutBryk: i piss on u and ur enlish
(09:08 / All) ZiutBryk: u fucking motherfucker
(09:12 / All) eurosgetmadsoez: You suck, newbie
(09:15 / All) ZiutBryk: MORON
(09:17 / All) eurosgetmadsoez: bring it newbie
(09:19 / All) ZiutBryk: MOOOORON
(09:29 / All) eurosgetmadsoez: you were destroyed
(09:36 / All) ZiutBryk: pffffff
(09:37 / All) eurosgetmadsoez: Your team fled in fear of my great might!
(09:47 / All) ZiutBryk: in chetaed game
(09:54 / All) ZiutBryk: u moron
(09:56 / All) eurosgetmadsoez: Only you remain, too stupid to read the writing on the wall
(10:02 / All) eurosgetmadsoez: Let me help you: YOU HAVE LOST NEWBIE
(10:05 / All) ZiutBryk: LEARN PLAY FAIRT MOTHERFUCKER
(10:07 / All) ZiutBryk: I RAPORT
(10:09 / All) ZiutBryk: U